 Dungeon Crawl Stone Soup version 0.27-a0-1188-g73eefd5def (console) character file.

Game seed: 6120642572473410602

14948 jejorda2 the Impaler (level 12, -7/132 HPs)
             Began as a Merfolk Berserker on May 20, 2021.
             Was a High Priest of Trog.
             Mangled by a frost giant
             ... wielding a +1 battleaxe of freezing
              (18 damage)
             ... in an ice cave.
             The game lasted 00:33:33 (12388 turns).

jejorda2 the Impaler (Merfolk Berserker)           Turns: 12388, Time: 00:33:34

Health: -7/132     AC: 26    Str: 21    XL:     12   Next: 21%
Magic:  4/4        EV:  9    Int:  7    God:    Trog [*****.]
Gold:   1030       SH:  5    Dex: 20    Spells: 11/11 levels left

rFire    . . .     SeeInvis .   a - +3 glaive (antimagic)
rCold    . . .     Faith    .   (shield currently unavailable)
rNeg     . . .     Spirit   .   F - +0 plate armour
rPois    .         Reflect  +   p - +2 helmet
rElec    .         Harm     .   q - +2 cloak
rCorr    .         Rampage  .   t - +2 pair of gloves
Will     .....                  (no boots)
Stlth    ..........             m - amulet of reflection
HPRegen  0.32/turn              u - +4 ring of protection
MPRegen  0.09/turn              G - +6 ring of dexterity

@: berserking (expiring), very quick
A: (nimble swimmer 2), mertail
a: Renounce Religion, Berserk, Trog's Hand, Brothers in Arms


You were in an ice cave.
You worshipped Trog.
Trog was extremely pleased with you.
You visited 1 branch of the dungeon, and saw 11 of its levels.
You also visited: Sewer, Ossuary and Ice Cave.

You collected 1030 gold pieces.

Inventory:

Hand Weapons
 a - a +3 antimagic glaive (weapon)
 b - a +1 trident of freezing
 H - a +4 halberd
Missiles
 c - a throwing net
 g - 71 poisoned darts (quivered)
 w - 23 boomerangs
 B - 2 curare-tipped darts
Armour
 p - a +2 helmet (worn)
 q - a +2 cloak (worn)
 t - a +2 pair of gloves (worn)
 F - a +0 plate armour (worn)
Jewellery
 m - an amulet of reflection (around neck)
 u - a +4 ring of protection (left hand)
 G - a +6 ring of dexterity (right hand)
Wands
 d - a wand of mindburst (11)
 j - a wand of acid (18)
 v - a wand of flame (25)
 y - a wand of polymorph (3)
 E - a wand of digging (6)
Scrolls
 h - a scroll of brand weapon
 o - 8 scrolls of teleportation
 s - a scroll of vulnerability
 z - a scroll of enchant weapon
 D - a scroll of fear
Potions
 e - 2 potions of attraction
 f - 2 potions of degeneration {unknown}
 i - a potion of haste {unknown}
 k - 7 potions of curing
 l - 7 potions of flight
 n - a potion of mutation {unknown}
 r - 2 potions of heal wounds
 A - 3 potions of might
 C - 2 potions of berserk rage {unknown}
Miscellaneous
 x - a phantom mirror


   Skills:
 - Level 6.0 Fighting
 * Level 19.3 Polearms
 + Level 5.6 Throwing
 - Level 6.0 Armour
 - Level 6.0 Dodging
 - Level 6.0 Evocations


You had 11 spell levels left.
You didn't know any spells.
Your spell library was empty.

Dungeon Overview and Level Annotations

Branches:
Dungeon (11/15)            Temple (0/1) D:4            Lair (0/6) D:9
  Sewer (visited)         Ossuary (visited)           IceCv (1/1)
    Orc: D:9-12

Altars:
Ashenzari
Dithmenos
Fedhas
Makhleb
Ru
Zin
Beogh

Portals:
Abyss: D:7

Annotations:
D:7 2 transporters, pmoppi's ghost, novice VSMo


Innate Abilities, Weirdness & Mutations

((You are quick and stealthy near water. (Stealth+, EV+, Speed+++)))
Your lower body shifts to a powerful aquatic tail in water.


Message History

Press: ? - help, Dir - move target, f/p - frost giant
Aim: a frost giant, wielding a +1 battleaxe of freezing (severely wounded, about 11% to evade your +3 antimagic glaive)
You reach to attack!
You slash the frost giant!
The frost giant's magic leaks into the air.
The frost giant is severely wounded.
Reach: a) +3 glaive (antimagic)
Press: ? - help, Dir - move target, f/p - frost giant
Aim: a frost giant, wielding a +1 battleaxe of freezing (severely wounded, about 11% to evade your +3 antimagic glaive)
The yak is in the way.
You hit the yak.
The yak is lightly wounded.
The yak gores you.
* * * LOW HITPOINT WARNING * * *
Reach: a) +3 glaive (antimagic)
Press: ? - help, Dir - move target, f/p - frost giant
Aim: a frost giant, wielding a +1 battleaxe of freezing (severely wounded, about 11% to evade your +3 antimagic glaive)
The yak is in the way.
You hit the yak.
The yak is moderately wounded.
The yak gores you!
* * * LOW HITPOINT WARNING * * *
The yak barely misses you.
Reach: a) +3 glaive (antimagic)
Press: ? - help, Dir - move target, f/p - frost giant
Aim: a frost giant, wielding a +1 battleaxe of freezing (severely wounded, about 11% to evade your +3 antimagic glaive)
The yak is in the way.
You slice the yak!!
The yak is severely wounded.
Unknown command.
Reach: a) +3 glaive (antimagic)
Press: ? - help, Dir - move target, f/p - frost giant
Aim: a frost giant, wielding a +1 battleaxe of freezing (severely wounded, about 11% to evade your +3 antimagic glaive)
The yak is in the way.
You slice the yak!!
You kill the yak!
Trog accepts your kill.
You barely miss the frost giant.
The frost giant is severely wounded.
The yak closely misses you.
You slash the frost giant!
The frost giant's magic leaks into the air.
The frost giant is almost dead.
The frost giant hits you with a +1 battleaxe of freezing!!
You die...

####### #####
......#### ####@C.#
...#.....####...Y#...#
#######....#...###
..... # ###....###
.... ###### ... .. #


You could see a frost giant and a yak.

Vanquished Creatures
  2 cyclopes (D:11)
  A manticore (D:10)
  Maurice (D:10)
  3 ice statues (IceCv)
  A komodo dragon (D:11)
  2 rime drakes (D:11)
  10 polar bears (IceCv)
  2 trolls (D:9)
  Sigmund (D:3)
  14 yaks
  A wyvern (D:9)
  2 steam dragons (D:10)
  3 vampire mosquitoes (D:9)
  3 orc warriors (D:9)
  A sky beast (D:6)
  2 black bears
  An ice beast (D:5)
  A necrophage (D:4)
  An ogre (D:4)
  6 centaurs
  9 wolves
  3 kobold brigands
  2 bullfrogs (D:8)
  Blork the orc (D:4)
  2 scorpions
  A wyvern zombie (D:8)
  A wyvern skeleton (D:7)
  2 water moccasin skeletons (D:5)
  10 killer bees
  13 wights
  An electric eel (D:9)
  6 howler monkeys
  2 bullfrog zombies
  3 centaur zombies
  13 hounds
  2 human zombies (Ossuary)
  A gnoll shaman (D:8)
  Crazy Yiuf (D:3)
  2 centaur skeletons
  An orc priest (D:9)
  3 jellies
  Ijyb (D:3)
  2 iguanas
  2 orc wizards
  A hound skeleton (D:4)
  2 mummies (Ossuary)
  2 howler monkey zombies
  8 gnolls
  5 adders
  A howler monkey skeleton (D:7)
  4 river rats
  A shadow imp (D:6)
  2 ufetubi
  An adder skeleton (D:4)
  4 worms
  A dart slug (D:5)
  31 orcs
  6 bats
  8 endoplasms
  3 giant cockroaches
  3 gnoll zombies (Ossuary)
  5 goblins
  2 hobgoblins
  16 kobolds
  3 quokkas
  9 ball pythons
  A frilled lizard (D:3)
  3 goblin zombies (Ossuary)
  4 hobgoblin zombies (Ossuary)
  2 orc zombies (Ossuary)
  4 rats
274 creatures vanquished.

Vanquished Creatures (collateral kills)
  A two-headed ogre (D:11)
  A hydra (D:11)
  A vampire (D:11)
  An acid dragon (D:11)
  A wolf (IceCv)
5 creatures vanquished.

Vanquished Creatures (others)
  An endoplasm (D:4)
  3 plants (D:11)
4 creatures vanquished.

Grand Total: 283 creatures vanquished

Notes
Turn   | Place    | Note
-------+----------+-------------------------------------------
     0 | D:1      | jejorda2 the Merfolk Berserker began the quest for the Orb.
     0 | D:1      | Reached XP level 1. HP: 18/18 MP: 1/1
   281 | D:1      | Reached XP level 2. HP: 24/24 MP: 2/2
   720 | D:1      | Found a faded altar of an unknown god.
   796 | D:2      | Reached skill level 5 in Polearms
   994 | D:2      | Reached XP level 3. HP: 30/30 MP: 3/3
  1016 | D:2      | Reached XP level 4. HP: 11/37 MP: 4/4
  1294 | D:2      | Reached ** piety under Trog
  1955 | D:3      | Reached skill level 6 in Polearms
  2077 | D:3      | Noticed Sigmund
  2089 | D:3      | Killed Sigmund
  2090 | D:3      | Reached skill level 7 in Polearms
  2090 | D:3      | Reached XP level 5. HP: 43/43 MP: 5/5
  2090 | D:3      | Reached XP level 6. HP: 49/49 MP: 6/6
  2200 | D:3      | Found a runed translucent door.
  2201 | D:3      | Noticed Crazy Yiuf
  2207 | D:3      | Killed Crazy Yiuf
  2788 | D:3      | Noticed Ijyb
  2821 | D:3      | Killed Ijyb
  2822 | D:3      | Reached skill level 8 in Polearms
  3145 | D:4      | Reached skill level 5 in Fighting
  3181 | D:4      | Reached XP level 7. HP: 56/56 MP: 7/7
  3289 | D:4      | Found a sand-covered staircase.
  3315 | Ossuary  | Entered an ossuary
  3432 | Ossuary  | Reached skill level 9 in Polearms
  3590 | D:4      | Found a broken altar of Ashenzari.
  3666 | D:4      | Noticed Blork the orc
  3669 | D:4      | Found a shadowy altar of Dithmenos.
  3677 | D:4      | Killed Blork the orc
  3831 | D:4      | Reached *** piety under Trog
  3915 | D:4      | Reached skill level 10 in Polearms
  3915 | D:4      | Reached XP level 8. HP: 64/64 MP: 8/8
  4004 | D:4      | Found a staircase to the Ecumenical Temple.
  4446 | D:5      | Entered Level 5 of the Dungeon
  4624 | D:5      | Found a glowing silver altar of Zin.
  4676 | D:5      | Reached skill level 11 in Polearms
  4800 | D:5      | Found a glowing drain.
  4809 | Sewer    | Entered a sewer
  5050 | Sewer    | Reached **** piety under Trog
  5168 | Sewer    | Reached skill level 12 in Polearms
  5758 | D:6      | Reached XP level 9. HP: 69/69 MP: 9/9
  6083 | D:6      | You fall into a shaft and drop 3 floors!
  6304 | D:7      | Found a sacrificial altar of Ru.
  6364 | D:7      | Found a transporter.
  6381 | D:7      | Reached skill level 5 in Armour
  6383 | D:7      | Reached skill level 13 in Polearms
  6423 | D:7      | Reached skill level 1 in Evocations
  6480 | D:7      | Found a transporter.
  6495 | D:7      | Noticed a toenail golem
  6505 | D:7      | Found a burning altar of Makhleb.
  6728 | D:7      | Found a one-way gate to the infinite horrors of the Abyss.
  6728 | D:7      | Noticed pmoppi's ghost (novice VSMo)
  7743 | D:8      | Reached skill level 14 in Polearms
  7756 | D:8      | Reached XP level 10. HP: 76/76 MP: 10/10
  8241 | D:8      | Reached ***** piety under Trog
  8433 | D:9      | Found a blossoming altar of Fedhas.
  8463 | D:9      | Reached skill level 15 in Polearms
  8708 | D:9      | Reached skill level 5 in Evocations
  8728 | D:9      | Found a staircase to the Lair.
  9049 | D:9      | Reached skill level 16 in Polearms
  9481 | D:10     | Entered Level 10 of the Dungeon
  9866 | D:10     | Reached XP level 11. HP: 61/81 MP: 11/11
 10033 | D:10     | Noticed a manticore
 10042 | D:10     | Killed a manticore
 10043 | D:10     | Reached skill level 17 in Polearms
 10043 | D:10     | Reached skill level 1 in Throwing
 10101 | D:10     | Noticed Maurice
 10167 | D:10     | Killed Maurice
 10602 | D:11     | Noticed a two-headed ogre
 10602 | D:11     | Noticed a four-headed hydra
 10603 | D:11     | Noticed a cyclops
 10609 | D:11     | Killed a four-headed hydra
 10614 | D:11     | Killed a two-headed ogre
 10623 | D:11     | Killed a cyclops
 10674 | D:11     | Noticed a cyclops
 10686 | D:11     | Killed a cyclops
 10687 | D:11     | Reached skill level 5 in Dodging
 10728 | D:11     | Found a frozen archway.
 10749 | IceCv    | Entered an ice cave
 10780 | IceCv    | Reached skill level 18 in Polearms
 11042 | IceCv    | Received a gift from Trog
 11694 | IceCv    | Reached XP level 12. HP: 63/88 MP: 4/12
 11946 | IceCv    | Reached skill level 5 in Throwing
 11952 | IceCv    | Reached skill level 19 in Polearms
 12353 | IceCv    | Noticed a frost giant
 12388 | IceCv    | Mangled by a frost giant

Illustrated notes

Levels and vault maps discovered:
D:1:      lightli_arrival_noodles, layout_rooms, ebering_ecumenical_altar_mist,
          minmay_pentomino_w2
D:2:      layout_basic, chequers_serial_rivers_micro_c
D:3:      layout_basic, uniq_sigmund, uniq_ijyb, uniq_crazy_yiuf_cottage
D:4:      layout_loops_cross, ashenzari_altar_1, amcnicky_altar_gilded,
          lemuel_temple_firewalk_b, enter_ossuary_2, uniq_blork_the_orc
D:5:      layout_basic, old_standard_altar, gup_sewer_entry_bubbles
D:6:      layout_basic
D:7:      layout_cave_pools, hangedman_ru_absence, makhleb_blood_cavern_becter,
          gammafunk_ghost_abyssal_escape, amethyst_killhole,
          amcnicky_mini_corridor_feature
D:8:      layout_basic
D:9:      layout_roguey [special_room_orc], fedhas_bush_and_centaur_altar,
          erik_lair_island
D:10:     layout_rooms, minmay_puff, uniq_maurice
D:11:     layout_irregular_city, portal_ice_cave_rime, serial_bayou,
          serial_bayou_pond_a, serial_bayou_lake_a, serial_bayou_pond_b,
          serial_bayou_shore_b, serial_bayou_lagoon_b, serial_bayou_pond_c
IceCv:    ice_cave_small_giant

Skill      XL: |  1  2  3  4  5  6  7  8  9 10 11 12 |
---------------+-------------------------------------+-----
Polearms       | 5 7 8 10 12 14 16 18 19 | 19.3
Armour         | 2 3 4 5 6 |  6.0
Fighting       | 4 5 6 |  6.0
Evocations     | 3 6 |  6.0
Throwing       | 4 5 |  5.6
Dodging        | 6 |  6.0

Action                   |  1- 3 |  4- 6 |  7- 9 | 10-12 || total
-------------------------+-------+-------+-------+-------++-------
Melee: Spear             |    63 |   185 |   130 |       ||   378
       Halberd           |       |       |   265 |   328 ||   593
       Glaive            |       |       |       |   129 ||   129
Throw: Stone             |    22 |       |    44 |       ||    66
       Dart              |    12 |       |       |    79 ||    91
Invok: Berserk           |     1 |     3 |     4 |    10 ||    18
       Trog's Hand       |       |     2 |     2 |     2 ||     6
       Brothers in Arms  |       |       |       |     3 ||     3
Evoke: Wand              |       |       |       |     7 ||     7
  Use: Potion            |     1 |       |       |     4 ||     5
       Scroll            |       |     7 |     9 |     4 ||    20
Armor: Animal skin       |     2 |       |       |       ||     2
       Scale mail        |     7 |    59 |       |       ||    66
       Skin              |     5 |       |       |       ||     5
       Chain mail        |       |     6 |   134 |    38 ||   178
       Plate armour      |       |       |       |   175 ||   175
Dodge: Dodged            |    12 |    47 |    77 |   111 ||   247
Block: Other             |       |       |    52 |    62 ||   114
       Reflection        |       |       |     5 |     7 ||    12

Table legend: (Time is in decaauts)
 A = Elapsed time spent in this place.
 B = Non-inter-level travel time spent in this place.
 C = Inter-level travel time spent in this place.
 D = Time resting spent in this place.
 E = Time spent auto-exploring this place.
 F = Levels seen in this place.
 G = Mean time per level.
                   A        B        C        D        E       F      G
               +--------+--------+--------+--------+--------+-----+--------+
         Total |  12214 |  11718 |    496 |   1726 |   7562 |  14 |  872.4 |
       Dungeon |   9971 |   9475 |    496 |    773 |   6747 |  11 |  906.5 |
         Sewer |    395 |    395 |      0 |      0 |    274 |   1 |  395.0 |
       Ossuary |    241 |    241 |      0 |      0 |    114 |   1 |  241.0 |
      Ice Cave |   1605 |   1605 |      0 |    952 |    426 |   1 | 1605.0 |
               +--------+--------+--------+--------+--------+-----+--------+

Top non-repeatable levels by time:
   IceCv: 1605 daAuts
     D:9: 1386 daAuts
     D:2: 1201 daAuts
     D:3: 1182 daAuts
     D:8: 1161 daAuts
     D:4: 1038 daAuts
     D:5: 839 daAuts
    D:10: 786 daAuts
     D:1: 740 daAuts
     D:6: 737 daAuts
     D:7: 730 daAuts
   Sewer: 395 daAuts
 Ossuary: 241 daAuts
    D:11: 166 daAuts
